 Dungeon Crawl Stone Soup version 0.22-a0-185-ge330310 (webtiles) character file.

393 vishdafish the Slasher (level 6, 0/72 HPs)
             Began as a Demonspawn Fighter on Feb 15, 2018.
             Was an Initiate of Yredelemnul.
             Slain by a sky beast (5 damage)
             ... on level 6 of the Dungeon.
             The game lasted 00:05:15 (4308 turns).

vishdafish the Slasher (Demonspawn Fighter)         Turns: 4308, Time: 00:05:16

Health: 0/72       AC: 23    Str: 15 (16) XL:     6   Next: 51%
Magic:  6/6        EV:  2    Int: 10 (11) God:    Yredelemnul [......]
Gold:   201        SH:  9    Dex: 12 (13) Spells: 5/5 levels left

rFire    . . .     SeeInvis .   a - +0 long sword
rCold    . . .     Gourm    .   c - +0 shield
rNeg     + + +     Faith    .   (armour currently unavailable)
rPois    +         Spirit   .   (helmet currently unavailable)
rElec    .         Reflect  .   (cloak currently unavailable)
rCorr    .         Harm     .   (gloves currently unavailable)
MR       .....     NoTele   +   (boots currently unavailable)
Stlth    +.........             (no amulet)
HPRegen  0.22/turn              (no ring)
MPRegen  0.10/turn              (no ring)

@: tree-form, hasted, very quick
A: freezing cloud immunity
a: Renounce Religion


You were on level 6 of the Dungeon.
You worshipped Yredelemnul.
Yredelemnul was noncommittal.
You were very hungry.
You were a tree.
You visited 1 branch of the dungeon, and saw 6 of its levels.

You collected 201 gold pieces.

Inventory:

Hand Weapons
 a - a +0 long sword (weapon)
Armour
 b - a +0 scale mail (melded)
 c - a +0 shield (worn)
 k - a +0 pair of gloves (melded)
 p - a +0 pair of boots (melded)
Jewellery
 h - an uncursed ring of fire
Scrolls
 g - 9 scrolls of identify {unknown}
 j - a scroll of random uselessness {unknown}
 l - 2 scrolls of noise {unknown}
 m - a scroll of blinking {unknown}
 n - a scroll of magic mapping {unknown}
 q - 3 scrolls of remove curse {unknown}
 s - 2 scrolls of teleportation {unknown}
 v - a scroll of amnesia {unknown}
 w - a scroll of fear {unknown}
Potions
 e - a potion of haste
 r - a potion of heal wounds {unknown}
 t - a potion of resistance {unknown}
 u - a potion of flight {unknown}
Books
 o - a book of Conjurations

   Spells                             Type                      Level
   a - Magic Dart                     Conjuration                  1
   b - Searing Ray                    Conjuration                  2
   c - Dazzling Spray                 Conjuration/Hexes            3
   d - Fulminant Prism                Conjuration/Hexes            4
   e - Force Lance                    Conjuration/Translocation    4
   f - Iskenderun's Mystic Blast      Conjuration                  4
Comestibles
 f - 11 rations


   Skills:
 + Level 4.1 Fighting
 * Level 4.2 Long Blades
 + Level 3.8 Armour
 + Level 3.9 Shields


You had 5 spell levels left.
You didn't know any spells.

Dungeon Overview and Level Annotations

Branches:
Dungeon (6/15)
 Temple: D:4-7

Altars:
Ashenzari
Dithmenos
Fedhas
Gozag
Kikubaaqudgha
Okawaru
Trog
Uskayaw
Yredelemnul

Shops:
D:4 ((((:


Innate Abilities, Weirdness & Mutations

((You have very sharp fingernails.))
((You have large cloven feet.))
((Your flesh is cold resistant. (rC+)))
You are immune to freezing clouds.


Message History

You closely miss something. Something hits you but does no damage.
You miss something. Something hits you.
* * * LOW HITPOINT WARNING * * *
Something shocks you.
* * * LOW HITPOINT WARNING * * *
It was a potion of degeneration.
There was something very wrong with that liquid.
You feel weakened.
You feel dopey.
You feel clumsy. Something hits you but does no damage.
It was a potion of lignification.
You turn into a tree.
Your +0 pair of gloves melds into your body.
Your +0 pair of boots melds into your body.
Your +0 scale mail melds into your body.
Your roots penetrate the ground.
You completely miss something. Something hits you but does no damage.
You closely miss something. Something hits you.
* * * LOW HITPOINT WARNING * * *
Something shocks you.
You die...
Your body rises from the dead as a mindless zombie.

....# ...#
...# ...#
#..#
####..######
#..{.......#
#..<♣†.....#
##+#########


There were no monsters in sight!

Vanquished Creatures
  Eustachio (D:4)
  An ogre (D:4)
  A hound (D:4)
  A worker ant (D:4)
  3 adders
  3 oozes
  An adder skeleton (D:4)
  A worm (D:3)
  4 dart slugs
  5 leopard geckos
  An orc (D:3)
  A ball python (D:2)
  13 bats
  4 bat zombies (D:3)
  2 giant cockroaches
  6 goblins
  6 hobgoblins
  4 jackals (D:1)
  A quokka (D:4)
  2 frilled lizards
  2 kobolds
  11 rats
74 creatures vanquished.

Notes
Turn   | Place    | Note
-------+----------+-------------------------------------------
     0 | D:1      | vishdafish the Demonspawn Fighter began the quest for the Orb.
     0 | D:1      | Reached XP level 1. HP: 18/18 MP: 1/1
   306 | D:1      | Gained mutation: You have sharp fingernails. [demonic ancestry]
   306 | D:1      | Reached XP level 2. HP: 24/24 MP: 2/2
   994 | D:1      | Gained mutation: Your flesh is cold resistant. (rC+) [demonic ancestry]
   994 | D:1      | Reached XP level 3. HP: 25/29 MP: 3/3
  1500 | D:2      | Found an iron altar of Okawaru.
  2445 | D:3      | Gained mutation: You have very sharp fingernails. [demonic ancestry]
  2445 | D:3      | Reached XP level 4. HP: 35/35 MP: 4/4
  2484 | D:3      | Found a shattered altar of Ashenzari.
  2484 | D:3      | Found a faded altar of an unknown god.
  2490 | D:3      | Found a basalt altar of Yredelemnul.
  2492 | D:3      | Found a hide-covered altar of Uskayaw.
  2494 | D:3      | Found a bloodstained altar of Trog.
  2500 | D:3      | Became a worshipper of Yredelemnul the Dark
  2514 | D:3      | Found an opulent altar of Gozag.
  2516 | D:3      | Found a shadowy altar of Dithmenos.
  2617 | D:3      | Found an ancient bone altar of Kikubaaqudgha.
  2762 | D:3      | Found a blossoming altar of Fedhas.
  3210 | D:4      | Gained mutation: You are immune to freezing clouds. [demonic ancestry]
  3210 | D:4      | Reached XP level 5. HP: 41/41 MP: 5/5
  3259 | D:4      | Found Onkop's Antique Weapon Emporium.
  3330 | D:4      | Noticed an ogre
  3349 | D:4      | Killed an ogre
  3709 | D:4      | Noticed Eustachio
  3736 | D:4      | Killed Eustachio
  3736 | D:4      | Gained mutation: You have large cloven feet. [demonic ancestry]
  3736 | D:4      | Reached XP level 6. HP: 31/48 MP: 6/6
  3752 | D:4      | Found Rilehayw's Antique Weapon Shop.
  3889 | D:4      | Found Ykeozaut's Book Emporium.
  4001 | D:4      | Found Enout's Weapon Emporium.
  4105 | D:4      | Found Pobbaarcho's Antique Weapon Emporium.
  4217 | D:5      | Entered Level 5 of the Dungeon
  4265 | D:5      | Noticed a sky beast
  4266 | D:5      | Noticed a sky beast
  4308 | D:6      | Slain by a sky beast

Vault maps used:
D:1:      minmay_arrival_pointy
D:2:      first_ration, kennysheep_okawaru_gauntlet
D:3:      chequers_temple_overflow_minitemple,
          lemuel_zombie_altar_kikubaaqudgha,
          chequers_temple_overflow_statue_of_worship, grunt_ministairs_5,
          hangedman_decor_opposing, fedhas_altar_fruit_tree
D:4:      serial_shops, shop_fountains, shop, nicolae_shop_waterfront,
          nicolae_shop_competitors_out_of_business, nicolae_shop_statue_plus,
          uniq_eustachio
D:5:      temple_statues, basic_altar, uniq_crazy_yiuf_cottage, uniq_menkaure
D:6:      serial_shops, kennysheep_mini_moat,
          minmay_guarded_unrand_vampires_tooth

Skill      XL: |  1  2  3  4  5 |
---------------+----------------+-----
Long Blades    | 2 3 4 |  4.2
Shields        | 3 |  3.9
Armour         | 3 |  3.8
Fighting       | 4 |  4.1

Action                   |  1- 3 |  4- 6 || total
-------------------------+-------+-------++-------
Melee: Long sword        |   152 |   164 ||   316
  Use: Potion            |       |     4 ||     4
  Eat: Chunk             |     4 |     6 ||    10
Armor: Scale mail        |    96 |   132 ||   228
       Skin              |       |     1 ||     1
Dodge: Dodged            |    51 |    60 ||   111
Block: Shield            |    86 |   108 ||   194
       Rpst.: Long sword |    16 |    14 ||    30

Table legend:
 A = Spawn XP
 B = Non-spawn XP
 C = Spawn XP percentage of total XP
 D = Spawn monster count
 E = Non-spawn monster count
 F = Spawn count percentage of total count
 G = Total turns spent on level
                    A         B        C        D         E        F      G
               +---------+---------+-------+---------+---------+-------+---------
         Total |       0 |     562 |   0.0 |       0 |      74 |   0.0 |  4308
               +---------+---------+-------+---------+---------+-------+---------
           D:1 |       0 |      50 |   0.0 |       0 |      24 |   0.0 |  1414
           D:2 |       0 |      46 |   0.0 |       0 |      21 |   0.0 |  1028
           D:3 |       0 |      45 |   0.0 |       0 |      19 |   0.0 |   741
           D:4 |       0 |     418 |   0.0 |       0 |       9 |   0.0 |  1034
           D:6 |       0 |       3 |   0.0 |       0 |       1 |   0.0 |    36
               +---------+---------+-------+---------+---------+-------+---------
